 Dungeon Crawl Stone Soup version 0.28.0-53-g5a82cb258f (webtiles) character file.

Game seed: 10510129061348114993

684 gobodom the Firebug (level 7, -3/48 HPs)
             Began as a Demonspawn Fire Elementalist on June 10, 2022.
             Succumbed to a killer bee's poison
             ... on level 5 of the Dungeon.
             The game lasted 00:35:31 (5421 turns).

gobodom the Firebug (Demonspawn Fire Elementalist)  Turns: 5421, Time: 00:35:32

Health: -3/48      AC:  3    Str: 11    XL:     7   Next: 35%
Magic:  11/13      EV: 16    Int: 16    God:
Gold:   124        SH:  0    Dex: 13    Spells: 12/15 levels left

rFire   . . .      SeeInvis +   b - +1 dagger (protect)
rCold   . . .      Faith    .   (no shield)
rNeg    . . .      Spirit   .   a - +0 robe
rPois   .          Reflect  .   n - +0 helmet
rElec   .          Harm     .   j - scarf {repulsion}
rCorr   .          Rampage  .   (no gloves)
Will    .....                   (no boots)
Stlth   ++........              (no amulet)
HPRegen 0.16/turn               u - ring of see invisible
MPRegen 0.26/turn               k - +4 ring of evasion

@: brilliant, lethally poisoned (-3 -> -23), repel missiles
A: magic regeneration, demonic magic 2, demonic touch 1
a: no special abilities


You were on level 5 of the Dungeon.
You visited 1 branch of the dungeon, and saw 5 of its levels.

You collected 124 gold pieces.

Inventory:

Hand Weapons
 b - a +1 dagger of protection (weapon)
 y - a +0 whip of venom
Missiles
 l - 9 poisoned darts (quivered)
 w - 6 atropa-tipped darts
 x - 2 throwing nets
Armour
 a - a +0 robe (worn)
 j - a scarf of repulsion (worn)
 n - a +0 helmet (worn)
 A - a +1 pair of boots
Magical Staves
 r - a staff of poison
Jewellery
 c - a ring of resist corrosion
 k - a +4 ring of evasion (right hand)
 u - a ring of see invisible (left hand)
Wands
 d - a wand of flame (19)
Scrolls
 f - a scroll of brand weapon {unknown}
 i - a scroll of magic mapping
 s - a scroll of teleportation {unknown}
 z - a scroll of fog
Potions
 e - a potion of brilliance
 g - a potion of haste {unknown}
 h - a potion of lignification {unknown}
 m - 2 potions of magic {unknown}
 o - 2 potions of berserk rage {unknown}
 p - 2 potions of curing {unknown}
 q - a potion of ambrosia {unknown}
 t - a potion of might
 v - a potion of mutation {unknown}


   Skills:
 + Level 1.3 Fighting
 + Level 2.2 Short Blades
 + Level 2.5 Dodging
 + Level 3.2 Stealth
 + Level 4.5 Spellcasting
 + Level 1.5 Conjurations
 + Level 4.7 Fire Magic


You had 12 spell levels left.
You knew the following spells:

 Your Spells              Type           Power      Damage    Failure   Level
a - Foxfire               Conj/Fire      80%        2x1d8     4%          1
b - Scorch                Fire           56%        2d8       3%          2

Your spell library contained the following spells:

 Spells                   Type           Power      Damage    Failure   Level
 Conjure Flame            Conj/Fire      20%        6-21      13%         3
 Inner Flame              Hex/Fire       16%        N/A       19%         3
 Sublimation of Blood     Necr           5%         N/A       24%         2
 Flame Wave               Conj/Fire      20%        2d7       41%         4
 Petrify                  Tmut/Erth      5%         N/A       85%         4
 Irradiate                Conj/Tmut      4%         3d15      97%         5


Dungeon Overview and Level Annotations

Branches:
Dungeon (5/15)
 Temple: D:4-7

Altars:
Cheibriados
Yredelemnul
Zin

Shops:
D:4 *


Innate Abilities, Weirdness & Mutations

You regenerate magic rapidly.
Spells you cast may paralyse nearby enemies.
Your touch may inflict minor irresistible damage on your foes.


Message History

You conjure some foxfire!
Malevolent energies surge around you.
You feel sick.
The killer bee is no longer paralysed.
The foxfire hits the killer bee.
The killer bee is moderately wounded.
The killer bee closely misses you. The hound closely misses you.
The killer bee closely misses you.
The killer bee stings you but does no damage.
The hound closely misses you.
You miss the killer bee. Your touch misses the killer bee.
The killer bee is severely wounded.
You feel sick.
The foxfire hits the killer bee but does no damage.
The foxfire hits the killer bee.
The killer bee is lightly wounded.
The foxfire hits the killer bee.
The killer bee is moderately wounded.
The killer bee misses you.
The killer bee stings you. x2; The hound bites you.
The killer bee misses you. The killer bee barely misses you.
The killer bee stings you.
* * * LOW HITPOINT WARNING * * *
You are lethally poisoned!
The killer bee poisons you!
* * * LOW HITPOINT WARNING * * *
You feel very sick.
The killer bee stings you but does no damage.
Aiming: Throw Flame
Press: ? - help, Q - select action, (/) - cycle Shift-Dir - straight line, f - killer bee
Aim: a killer bee (moderately wounded, 39% to hit)
The puff of flame hits the killer bee.
The killer bee is heavily wounded.
* * * LOW HITPOINT WARNING * * *
You feel very sick.
The killer bee is no longer paralysed.
The killer bee stings you but does no damage.
The killer bee stings you.
* * * LOW HITPOINT WARNING * * *
You are more poisoned.
The killer bee poisons you!
It was a potion of brilliance.
You feel clever all of a sudden.
You die...

.....##.......####...
........#..........##...
#.......................
#.......................
#.........).............
+.....................#
#..............)......##
#........#............##
+.....y@###..........)..
#....yy## #...##........
#.....h.###.............
+....?...##....##.......
#........<....#.........
#.......#....#..###.#...
#......##...#.### #.#...
............#...# ###..#
......##...###### #...#


You could see a hound and 3 killer bees.

Vanquished Creatures
  A sky beast (D:4)
  A hound (D:4)
  A bullfrog skeleton (D:5)
  2 orc priests (D:4)
  A gnoll shaman (D:5)
  Jessica (D:2)
  3 orc wizards (D:4)
  Natasha (thrice) (D:2)
  Robin (D:2)
  7 adders
  7 gnolls (D:5)
  An ufetubus (D:5)
  An adder skeleton (D:4)
  2 worms (D:2)
  4 dart slugs
  7 orcs
  5 ball pythons
  8 endoplasms
  2 giant cockroaches
  15 goblins
  5 hobgoblins
  6 jackals
  8 kobolds
  2 quokkas
  4 bats
  5 frilled lizards
  6 rats
109 creatures vanquished.

Vanquished Creatures (others)
  130 foxfires
130 creatures vanquished.

Grand Total: 239 creatures vanquished

Notes
Turn   | Place    | Note
-------+----------+-------------------------------------------
     0 | D:1      | gobodom the Demonspawn Fire Elementalist began the quest
                  | for the Orb.
     0 | D:1      | Reached XP level 1. HP: 13/13 MP: 3/3
   263 | D:1      | Gained mutation: Your touch may inflict minor irresistible
                  | damage on your foes. [demonic ancestry]
   263 | D:1      | Reached XP level 2. HP: 19/19 MP: 1/5
  1173 | D:1      | Gained mutation: Spells you cast may paralyse adjacent
                  | enemies. [demonic ancestry]
  1173 | D:1      | Reached XP level 3. HP: 23/24 MP: 6/6
  1243 | D:2      | Found a faded altar of an unknown god.
  1776 | D:2      | Learned a level 2 spell: Scorch
  1922 | D:2      | Noticed Robin
  1960 | D:2      | Killed Robin
  2099 | D:2      | Gained mutation: Spells you cast may paralyse nearby
                  | enemies. [demonic ancestry]
  2099 | D:2      | Reached XP level 4. HP: 29/30 MP: 5/8
  2243 | D:2      | Noticed Jessica
  2247 | D:2      | Killed Jessica
  2375 | D:2      | Noticed Natasha
  2386 | D:2      | Killed Natasha
  2387 | D:2      | Reached XP level 5. HP: 23/35 MP: 7/10
  2847 | D:2      | Noticed Natasha
  2852 | D:2      | Killed Natasha
  2890 | D:2      | Noticed Natasha
  2896 | D:2      | Killed Natasha
  3167 | D:3      | Reached skill level 1 in Short Blades
  3324 | D:3      | Found a basalt altar of Yredelemnul.
  3917 | D:4      | Gained mutation: You regenerate magic rapidly. [demonic
                  | ancestry]
  3917 | D:4      | Reached XP level 6. HP: 29/42 MP: 4/11
  4573 | D:4      | Noticed a sky beast
  4593 | D:4      | Killed a sky beast
  4594 | D:4      | Reached XP level 7. HP: 47/47 MP: 6/13
  4885 | D:4      | Found a snail-covered altar of Cheibriados.
  4942 | D:4      | Found Emireef's Elemental Accessories.
  5159 | D:5      | Entered Level 5 of the Dungeon
  5329 | D:5      | Reached skill level 1 in Fighting
  5420 | D:5      | HP: 2/48 [killer bee (4)]
  5421 | D:5      | Succumbed to a killer bee's poison

Illustrated notes

Levels and vault maps discovered:
D:1:      elethiomel_arrival_infinity_welcomes_careful_drivers, layout_basic
D:2:      layout_basic, ebering_ecumenical_altar_sacrificial, kennysheep_path_1,
          uniq_jessica, uniq_robin, uniq_natasha
D:3:      layout_basic, mainiacjoe_overflow_tiny_flanked
D:4:      layout_gridville, mainiacjoe_overflow_alcove_4, zin_academy,
          nicolae_elemental_shop
D:5:      layout_layer_cave, mainiacjoe_overflow_24_doors, uniq_edmund

Skill      XL: |  1  2  3  4  5  6  7 |
---------------+----------------------+-----
Fire Magic     | 3 4 |  4.7
Stealth        | 2 3 |  3.2
Dodging        | 2 |  2.5
Spellcasting   | 3 4 |  4.5
Short Blades   | 1 2 |  2.2
Fighting       | 1 |  1.3
Conjurations   | |  1.5

Action                   |  1- 3 |  4- 6 |  7- 9 || total
-------------------------+-------+-------+-------++-------
Melee: Unarmed           |     2 |       |       ||     2
       Short sword       |    35 |    51 |       ||    86
       Touch             |     9 |    12 |     2 ||    23
       Dagger            |       |    51 |    19 ||    70
Throw: Dart              |       |     2 |     2 ||     4
 Cast: Foxfire           |    47 |    12 |    22 ||    81
       Scorch            |     9 |    32 |    12 ||    53
Evoke: Wand              |       |       |     1 ||     1
  Use: Scroll            |       |     3 |       ||     3
       Potion            |       |     1 |     1 ||     2
 Stab: Paralysed         |     1 |     5 |       ||     6
       Sleeping          |       |     5 |     1 ||     6
Armor: Robe              |    11 |    20 |    13 ||    44
Dodge: Dodged            |    18 |    76 |    37 ||   131
